 Dungeon Crawl Stone Soup version 0.29.1-12-g30fa7ad0bf (webtiles) character file.

Game seed: 4404339718601005963

8159 GeoRichter the Magician (level 11, 0/75 HPs)
             Began as a Demonspawn Wanderer on Dec 23, 2022.
             Was an Elder of Sif Muna.
             Killed by vampiric draining
             ... invoked by a vampire
              (16 damage)
             ... on level 10 of the Dungeon.
             The game lasted 00:33:57 (13265 turns).

GeoRichter the Magician (Demonspawn Wanderer)      Turns: 13265, Time: 00:33:57

Health: 0/75       AC: 12    Str: 12    XL:     11   Next: 6%
Magic:  0/31       EV: 12    Int: 23    God:    Sif Muna [****..]
Gold:   310        SH:  0    Dex:  8    Spells: 14/25 levels left

rFire   . . .      SeeInvis +   H - +2 dagger of Mueseuny {drain, rElec rCorr MP+9 SInv}
rCold   . . .      Faith    .   (no shield)
rNeg    . . .      Spirit   +   G - +5 steam dragon scales
rPois   .          Reflect  .   (helmet restricted)
rElec   +          Harm     .   a - +0 cloak
rCorr   +          Rampage  .   e - +0 pair of gloves
Will    .....                   (no boots)
Stlth   +.........              s - amulet of guardian spirit
HPRegen 0.22/turn               (no ring)
MPRegen 0.22/turn               q - ring of wizardry

@: confused, about to teleport
A: claws 2, hooves 1, horns 1, ignite blood 1, spiny 2, sense surroundings 1,
MP-powered wands
a: Renounce Religion, Channel Magic, Forget Spell, Divine Exegesis


You were on level 10 of the Dungeon.
You worshipped Sif Muna.
Sif Muna was greatly pleased with you.
You visited 1 branch of the dungeon, and saw 10 of its levels.
You also visited: Bailey.

You collected 688 gold pieces.
You spent 378 gold pieces at shops.

Inventory:

Hand Weapons
 H - the +2 dagger of Mueseuny (weapon) {drain, rElec rCorr MP+9 SInv}
   (You bought it in a shop on level 8 of the Dungeon)

   A truly terrible weapon, it drains the life of any living foe it strikes.
   rElec:     It insulates you from electricity.
   MP:        It affects your magic capacity (+9).
   SInv:      It lets you see invisible.
   rCorr:     It protects you from acid and corrosion.
Missiles
 b - 31 poisoned darts (quivered)
 r - 4 curare-tipped darts {!f}
 E - 3 throwing nets {!f}
Armour
 a - a +0 cloak (worn)
   (You found it on level 9 of the Dungeon)
 e - a +0 pair of gloves (worn)
   (You found it on level 1 of the Dungeon)
 G - +5 steam dragon scales (worn)
   (You took it off Maggie on level 7 of the Dungeon)
Jewellery
 p - the ring of Vyzoi {rPois rF+ rCorr Int+7 Slay-5}
   (You bought it in a shop on level 2 of the Dungeon)

   [ring of protection from fire]

   Int:       It affects your intelligence (+7).
   Slay:      It affects your accuracy & damage with ranged weapons and melee
   (-5).
   rF:        It protects you from fire.
   rPois:     It protects you from poison.
   rCorr:     It protects you from acid and corrosion.
 q - a ring of wizardry (right hand)
   (You found it on level 3 of the Dungeon)
 s - an amulet of guardian spirit (around neck)
   (You found it on level 4 of the Dungeon)
Wands
 D - a wand of charming (3)
   (You found it on level 7 of the Dungeon)
Scrolls
 f - a scroll of identify {@r1}
 g - 2 scrolls of enchant armour
 h - 2 scrolls of poison {!r}
 k - a scroll of magic mapping {unknown}
 m - 3 scrolls of fog
 u - 5 scrolls of blinking
 v - 2 scrolls of fear
 w - a scroll of teleportation {@r4}
 z - 2 scrolls of silence
Potions
 c - 2 potions of brilliance
 d - a potion of flight {unknown}
 l - 2 potions of lignification {!q}
 o - 8 potions of attraction {!q}
 t - 3 potions of resistance {unknown}
 B - a potion of magic {unknown}


   Skills:
 + Level 3.6 Fighting
 - Level 1.0 Throwing
 - Level 1.0 Armour
 + Level 3.1 Dodging
 - Level 1.0 Stealth
 * Level 4.5 Unarmed Combat
 - Level 7.8 Spellcasting
 - Level 2.8 Conjurations
 - Level 7.5 Transmutations
 - Level 7.0 Ice Magic
 - Level 4.4 Air Magic
 - Level 4.5 Poison Magic


You had 14 spell levels left.
You knew the following spells:

 Your Spells              Type           Power      Damage    Failure   Level
a - Wereblood             Tmut           43%        N/A       1%          2
b - Frozen Ramparts       Ice            82%        1d13      1%          3
c - Mephitic Cloud        Conj/Pois/Air  27%        N/A       1%          3
d - Spider Form           Tmut/Pois      36%        N/A       1%          3

Your spell library contained the following spells:

 Spells                   Type           Power      Damage    Failure   Level
 Beastly Appendage        Tmut           86%        N/A       1%          1
 Freeze                   Ice            100%       1d11      1%          1
 Shock                    Conj/Air       100%       1d9       1%          1
 Apportation              Tloc           18%        N/A       2%          1
 Necrotise                Necr           36%        1d5       2%          1
 Summon Small Mammal      Summ           36%        N/A       2%          1
 Summon Ice Beast         Ice/Summ       25%        N/A       7%          4
 Summon Guardian Golem    Hex/Summ       9%         N/A       9%          3
 Orb of Destruction       Conj           11%        9d6       99%         7
 Spellforged Servitor     Conj/Summ      7%         N/A       100%        7


Dungeon Overview and Level Annotations

Branches:
Dungeon (10/15) Zot: 24279  Temple (0/1) D:4            Lair (0/5) D:10
 Bailey (visited)
    Orc: D:9-12

Altars:
Ashenzari
Cheibriados
Fedhas
Kikubaaqudgha
Nemelex Xobeh
Okawaru
Qazlal
Ru
Sif Muna
Uskayaw
Wu Jian
Yredelemnul

Shops:
D:2 *   D:4 ?[(   D:8 ((


Innate Abilities, Weirdness & Mutations

You have very sharp fingernails.
You have large cloven feet.
You have a pair of small horns on your head.
Your demonic aura sometimes causes spilled blood to erupt in flames.
You are mostly covered in sharp spines.
You passively map a small area around you.
You expend magic power (3 MP) to strengthen your wands.


Message History

You hit the vampire. Your headbutt misses the vampire.
The vampire hits you but does no damage.
The vampire closely misses you.
You closely miss the vampire. You kick the vampire, but do no damage.
You punch the vampire. The vampire draws life force from you!
* * * LOW HITPOINT WARNING * * *
The vampire is healed by the life force!
You closely miss the vampire. You kick the vampire, but do no damage.
Your headbutt misses the vampire. The vampire barely misses you.
The vampire bites you!
* * * LOW HITPOINT WARNING * * *
The vampire draws strength from your injuries!
You closely miss the vampire.
You headbutt the vampire, but do no damage.
The vampire draws life force from you!
* * * LOW HITPOINT WARNING * * *
The vampire is healed by the life force!
You hit the vampire but do no damage. The vampire is struck by your spines.
The vampire hits you!
* * * LOW HITPOINT WARNING * * *
The vampire barely misses you.
You hit the vampire. Your kick misses the vampire.
The vampire is struck by your spines. The vampire barely misses you.
The vampire misses you.
Unknown command.
Okay, then.
Blink to where?
As you read the scroll of blinking, it crumbles to dust.
Okay, then.
Aim: a vampire (heavily damaged, slightly transparent)
The mass of ice explodes!
The iceblast engulfs the vampire!
The vampire partially resists.
Aim: a vampire (almost destroyed, slightly transparent)
The mass of ice explodes!
The iceblast engulfs the vampire.
The vampire partially resists.
The now-empty wand crumbles to dust.
You are too injured to fight recklessly!
Okay, then.
Okay, then.
Okay, then.
Okay, then.
The vampire casts a spell at you.
You are confused.
You are too confused!
You feel better.
As you read the scroll of teleportation {@r4}, it crumbles to dust.
You feel strangely unstable. The vampire casts a spell at you.
You are confused.
The vampire draws life force from you!!
You die...

......................, ...######
'#.....#######.####### #.......#
.#.....# #.# #.......# .#.....#
#.# #.......# .#.....# #.#
#......#* .#.....#
#.##########......# .#.....#
#.................## .#.....#
#............P.≈.≈..
.#.....#######..@.......)..#≈.≈#.
##).............V.......##..≈.≈.P
))........##########....#...≈.≈..
..........# #....#..#≈.≈#.
..........# #....'...≈.≈..
..........# ######....##..≈.≈..
..#####...# ##............#≈.≈#.
..#...##### ##...###........≈.≈..
..'...# ##....# #........≈.≈..


You could see a vampire (invisible).

Vanquished Creatures
  Josephine (D:9)
  3 two-headed ogres
  Maggie (D:7)
  An unseen horror (D:8)
  5 spriggans (Bailey)
  A vampire (D:10)
  4 wraiths
  A steam dragon (Bailey)
  2 water moccasins
  An orc warrior (D:10)
  2 ice beasts
  2 black bears
  4 ogres (Bailey)
  A centaur (D:6)
  Blork the orc (D:6)
  2 gnoll sergeants
  6 kobold brigands
  4 bullfrogs
  6 scorpions
  4 wights
  4 jellies
  6 hounds
  3 orc priests
  An iguana (D:6)
  11 orc wizards
  Robin (D:1)
  7 adders
  13 gnolls
  A shadow imp (D:7)
  3 white imps
  3 worms
  3 dart slugs
  34 orcs
  5 bats
  7 endoplasms
  2 giant cockroaches
  14 goblins
  14 hobgoblins
  3 jackals (D:3)
  3 quokkas
  5 ball pythons
  3 frilled lizards
  31 kobolds
  7 rats
236 creatures vanquished.

Vanquished Creatures (others)
  11 plants (D:10)
11 creatures vanquished.

Grand Total: 247 creatures vanquished

Notes
Turn   | Place    | Note
-------+----------+-------------------------------------------
     0 | D:1      | GeoRichter the Demonspawn Wanderer began the quest for the
                  | Orb.
     0 | D:1      | GeoRichter set off with the following items: a +0 dagger,
                  | 11 poisoned darts, a potion of brilliance, a +0 robe; and
                  | the following spells available to memorise: Freeze, Shock,
                  | Frozen Ramparts, Mephitic Cloud, Summon Ice Beast.
     0 | D:1      | Reached XP level 1. HP: 15/15 MP: 2/2
    11 | D:1      | Learned a level 1 spell: Freeze
   623 | D:1      | Gained mutation: You are partially covered in sharp spines.
                  | [demonic ancestry]
   623 | D:1      | Reached XP level 2. HP: 21/21 MP: 1/3
   687 | D:1      | Found a faded altar of an unknown god.
  1319 | D:2      | Noticed Robin
  1376 | D:1      | Killed Robin
  1377 | D:1      | Gained mutation: Your demonic aura sometimes causes spilled
                  | blood to erupt in flames. [demonic ancestry]
  1377 | D:1      | Reached XP level 3. HP: 15/26 MP: 0/5
  1921 | D:2      | Learned a level 3 spell: Frozen Ramparts
  1933 | D:2      | Found Walataon's Assorted Antiques.
  2006 | D:2      | Discovered your monstrous ancestry.
  2006 | D:2      | Gained mutation: You have large cloven feet. [demonic
                  | ancestry]
  2006 | D:2      | Reached XP level 4. HP: 28/32 MP: 7/7
  2431 | D:2      | Found a shimmering blue altar of Sif Muna.
  2441 | D:2      | Became a worshipper of Sif Muna the Loreminder
  2788 | D:2      | Bought a faintly glowing steel ring for 140 gold pieces
  2788 | D:2      | Identified the ring of Vyzoi {rPois rF+ rCorr Int+7 Slay-5}
                  | (You bought it in a shop on level 2 of the Dungeon)
  2804 | D:3      | Learned a level 3 spell: Mephitic Cloud
  2956 | D:3      | Gained mutation: You have a pair of small horns on your
                  | head. [demonic ancestry]
  2956 | D:3      | Reached XP level 5. HP: 17/37 MP: 1/8
  3150 | D:3      | Found an ornate altar of the Wu Jian Council.
  3334 | D:3      | Reached * piety under Sif Muna
  3341 | D:3      | Reached skill level 5 in Ice Magic
  4038 | D:4      | Found a basalt altar of Yredelemnul.
  4043 | D:4      | Found Jesysuipt's Magic Scroll Boutique.
  4057 | D:4      | Found a sparkling altar of Nemelex Xobeh.
  4079 | D:4      | Noticed a black bear
  4086 | D:4      | Killed a black bear
  4087 | D:4      | Reached XP level 6. HP: 39/43 MP: 3/11
  4264 | D:4      | Found Haexev's Antique Armour Shoppe.
  4659 | D:4      | Found a staircase to the Ecumenical Temple.
  4674 | D:4      | Found Hipiqua's Weapon Emporium.
  4721 | D:5      | Entered Level 5 of the Dungeon
  4729 | D:5      | Found a blossoming altar of Fedhas.
  4896 | D:5      | Gained mutation: You have sharp fingernails. [demonic
                  | ancestry]
  4896 | D:5      | Reached XP level 7. HP: 48/48 MP: 8/12
  5378 | D:5      | Reached ** piety under Sif Muna
  5843 | D:5      | Found a broken altar of Ashenzari.
  5944 | D:6      | Noticed Blork the orc
  5947 | D:6      | Reached skill level 1 in Conjurations
  5960 | D:6      | Killed Blork the orc
  5961 | D:6      | Reached skill level 5 in Spellcasting
  5961 | D:6      | Reached XP level 8. HP: 54/54 MP: 9/15
  6518 | D:6      | Learned a level 3 spell: Spider Form
  6737 | D:6      | Reached skill level 1 in Transmutations
  6737 | D:6      | Reached skill level 1 in Poison Magic
  7137 | D:7      | Found a flagged portal.
  7151 | Bailey   | Entered a bailey
  7213 | Bailey   | Gained mutation: You have very sharp fingernails. [demonic
                  | ancestry]
  7213 | Bailey   | Reached XP level 9. HP: 54/59 MP: 12/17
  7675 | Bailey   | Noticed a two-headed ogre
  7693 | Bailey   | Killed a two-headed ogre
  7694 | Bailey   | Reached skill level 5 in Transmutations
  8312 | D:7      | Gained mutation: You are mostly covered in sharp spines.
                  | [demonic ancestry]
  8312 | D:7      | Reached XP level 10. HP: 65/65 MP: 15/20
  8404 | D:7      | Reached skill level 1 in Unarmed Combat
  8410 | D:7      | Reached *** piety under Sif Muna
  8653 | D:7      | Noticed Maggie
  8669 | D:7      | Killed Maggie
  8670 | D:7      | Reached skill level 1 in Dodging
  8978 | D:8      | Found Vavuek's Weapon Boutique.
  9117 | D:8      | Identified the +2 ring mail "Rankor" {-Tele +Inv rC+
                  | Stlth+}
  9123 | D:8      | Found an ancient bone altar of Kikubaaqudgha.
  9213 | D:8      | Found Qahue's Antique Weapon Emporium.
  9218 | D:8      | Bought a bloodstained dagger for 238 gold pieces
  9218 | D:8      | Identified the +2 dagger of Mueseuny {drain, rElec rCorr
                  | MP+9 SInv} (You bought it in a shop on level 8 of the
                  | Dungeon)
  9864 | D:9      | Found an iron altar of Okawaru.
 10050 | D:9      | Found a stormy altar of Qazlal.
 10051 | D:9      | Found a shimmering blue altar of Sif Muna.
 10053 | D:9      | Found a snail-covered altar of Cheibriados.
 10060 | D:9      | Found a hide-covered altar of Uskayaw.
 10062 | D:9      | Found a sacrificial altar of Ru.
 10584 | D:10     | Entered Level 10 of the Dungeon
 10662 | D:10     | Learned a level 2 spell: Wereblood
 10683 | D:10     | Noticed Josephine
 10688 | D:10     | Gained mutation: You expend magic power (3 MP) to
                  | strengthen your wands. [potion of mutation]
 10688 | D:10     | Gained mutation: You passively map a small area around you.
                  | [potion of mutation]
 10689 | D:10     | HP: 3/67 [wraith[Josephine] (7)]
 11314 | D:10     | Reached **** piety under Sif Muna
 11578 | D:9      | Found an iron altar of Okawaru.
 11633 | D:9      | Killed Josephine
 11949 | D:9      | Found a stormy altar of Qazlal.
 11950 | D:9      | Found a shimmering blue altar of Sif Muna.
 11952 | D:9      | Found a snail-covered altar of Cheibriados.
 11959 | D:9      | Found a hide-covered altar of Uskayaw.
 11961 | D:9      | Found a sacrificial altar of Ru.
 12121 | D:10     | Found a staircase to the Lair.
 12158 | D:10     | HP: 2/70 [vampire (6)]
 12166 | D:10     | HP: 1/70 [vampire (5)]
 12874 | D:10     | Noticed a two-headed ogre
 12896 | D:10     | Killed a two-headed ogre
 13004 | D:10     | Noticed a two-headed ogre
 13025 | D:10     | Killed a two-headed ogre
 13026 | D:10     | Reached XP level 11. HP: 53/75 MP: 6/22
 13265 | D:10     | Killed from afar by a vampire

Illustrated notes

Levels and vault maps discovered:
D:1:      onia_arrival_mini_maze, layout_loops_cross,
          hellmonk_ecumenical_altar_pennies_from_heaven, serial_bayou_pond_c
D:2:      layout_rooms, basic_altar, serial_shops, shop, uniq_robin
D:3:      layout_basic, nicolae_wu_jian_wuxing_cycle,
          minmay_misc_feat_secret_circle, roderic_cross_of_infinity,
          minmay_distorted
D:4:      nicolae_cairo_tiling_large_dashed, layout_gridville,
          mainiacjoe_overflow_six_doors_small, mainiacjoe_overflow_chevrons,
          minmay_temple_entry_hall, serial_shops, shop, shop,
          nicolae_diamond_shop, nicolae_lakefront_shop,
          minmay_misc_feat_nine_boxes
D:5:      kennysheep_spiral_hall, layout_rooms, evilmike_ruin_ashenzari,
          mainiacjoe_overflow_small_starburst, minivault_24,
          corexii_leaking_fountain, chequers_garden
D:6:      layout_gridville, minmay_fractal_squares_diagonal_5,
          uniq_blork_the_orc
D:7:      layout_gridville, enter_bailey_2, bh_walls_and_bars, uniq_maggie
D:8:      layout_loops_ring, mainiacjoe_overflow_cross_hatched, serial_shops,
          nicolae_shop_window_shopping, nicolae_shop_hallway_plus
D:9:      layout_irregular_city, kennysheep_mini_moat, minitemple
D:10:     layout_irregular_city, nicolae_elyvilon_temple_path,
          nicolae_tso_carved_into_rock, dpeg_oklobed_lair, uniq_josephine

Skill      XL: |  1  2  3  4  5  6  7  8  9 10 |
---------------+-------------------------------+-----
Ice Magic      | 3 4 5 6 7 |  7.0
Spellcasting   | 2 3 5 7 |  7.8
Air Magic      | 2 4 |  4.4
Conjurations   | 1 2 |  2.8
Transmutations | 2 5 7 |  7.5
Poison Magic   | 2 4 |  4.5
Unarmed Combat | 4 |  4.5
Dodging        | 3 |  3.1
Fighting       | 3 |  3.6
Throwing       | |  1.0
Armour         | |  1.0
Stealth        | |  1.0

Action                   |  1- 3 |  4- 6 |  7- 9 | 10-12 || total
-------------------------+-------+-------+-------+-------++-------
Melee: Dagger            |    76 |    10 |    59 |    94 ||   239
       Punch             |     1 |       |       |     5 ||     6
       Kick              |       |     1 |    10 |    29 ||    40
       Headbutt          |       |       |     9 |    19 ||    28
       Unarmed           |       |       |       |    55 ||    55
Throw: Dart              |    30 |    11 |    23 |    20 ||    84
 Cast: Freeze            |    30 |    43 |    21 |     2 ||    96
       Frozen Ramparts   |       |    16 |    27 |    33 ||    76
       Mephitic Cloud    |       |       |    10 |    13 ||    23
       Spider Form       |       |       |       |     5 ||     5
       Wereblood         |       |       |       |     1 ||     1
Evoke: Wand              |       |       |       |    26 ||    26
  Use: Potion            |       |     1 |     3 |    11 ||    15
       Scroll            |       |       |     8 |    16 ||    24
 Stab: Confused          |       |       |     2 |     5 ||     7
Armor: Robe              |    14 |    10 |     7 |     1 ||    32
       Steam dragon scal |       |       |       |    41 ||    41
       Skin              |       |       |       |    24 ||    24
Dodge: Dodged            |    63 |    17 |    43 |   108 ||   231
